 Dungeon Crawl Stone Soup version 0.31-a0-276-ge00219d475 (webtiles) character file.

Game seed: 4097800523968991535

7970 Querens the Grappler (level 11, -12/169 HPs)
             Began as a Troll Monk on July 15, 2023.
             Was the Champion of Okawaru.
             Mangled by Urug
             ... wielding a +2 double sword of freezing
              (22 damage)
             ... on level 10 of the Dungeon.
             The game lasted 00:23:15 (5123 turns).

Querens the Grappler (Troll Monk)                   Turns: 5123, Time: 00:23:16

Health: -12/169    AC: 25    Str: 25    XL:     11   Next: 3%
Magic:  10/10      EV:  1    Int:  6    God:    Okawaru [******]
Gold:   607        SH:  0    Dex: 12    Spells: 10/10 levels left

rFire   + .          .
                       - Unarmed
rCold   + . .        (no shield)
rNeg    . . .        a - melded +0 robe
rPois   +            (helmet currently unavailable)
rElec   +            (cloak currently unavailable)
rCorr   +            (gloves unavailable)
SInv    .            (boots unavailable)
Will    .....        (no amulet)
Stlth   +            (no ring)
HPRegen 1.28/turn    (no ring)
MPRegen 0.12/turn

%: no passive effects
@: tree-form, resistant, hasted, very quick
A: stationary, stasis, torment immunity, boosted hp, large, unfitting armour,
(claws 3), regeneration 1, (shaggy fur 1), (tough skin 1)
a: Renounce Religion, Heroism, Finesse, Duel


You were on level 10 of the Dungeon.
You worshipped Okawaru.
Okawaru was exalted by your worship.
You were a tree.
You visited 2 branches of the dungeon, and saw 11 of its levels.
You also visited: Sewer.

You collected 607 gold pieces.

Inventory:

Missiles
 A - 2 throwing nets
Armour
 a - a +0 robe (melded)
 c - an orb of light
 I - a +2 cloak
Jewellery
 y - a ring of wizardry
 G - a ring of flight
 J - a ring of willpower
Talismans
 l - a blade talisman
 x - a beast talisman
 H - a serpent talisman
Wands
 e - a wand of flame (16)
 r - a wand of light (5)
 C - a wand of roots (1)
Scrolls
 d - 3 scrolls of teleportation
 j - 2 scrolls of fear {unknown}
 k - 3 scrolls of identify
 p - a scroll of enchant weapon {unknown}
 q - a scroll of amnesia {unknown}
 u - 3 scrolls of blinking {unknown}
 w - 2 scrolls of acquirement {unknown}
 B - 3 scrolls of torment {unknown}
 D - a scroll of poison {unknown}
 F - 2 scrolls of vulnerability {unknown}
 K - a scroll of fog {unknown}
Potions
 b - 2 potions of ambrosia
 f - a potion of attraction {unknown}
 g - a potion of enlightenment {unknown}
 h - 2 potions of might
 i - 4 potions of degeneration
 n - 2 potions of brilliance
 o - a potion of invisibility {unknown}
 s - 3 potions of haste
 t - a potion of cancellation {unknown}
 v - a potion of lignification
 z - 2 potions of resistance
 E - a potion of mutation {unknown}


   Skills:
 + Level 8.9 Fighting
 - Level 2.4 Dodging
 + Level 10.4 Unarmed Combat
 + Level 8.0 Shapeshifting


You had 10 spell levels left.
You didn't know any spells.
Your spell library contained the following spells:

 Spells                   Type           Power      Damage    Failure   Level
 Ensorcelled Hibernation  Hex/Ice        0%         N/A       58%         2
 Passwall                 Tmut/Erth      0%         N/A       58%         2
 Portal Projectile        Hex/Tloc       0%         N/A       83%         3
 Swiftness                Air            0%         N/A       83%         3
 Anguish                  Hex/Necr       0%         N/A       99%         4
 Iskenderun's Mystic Bla  Conj/Tloc      0%         2d3       99%         4
 Tukima's Dance           Hex            Unusable   N/A       N/A         3

Dungeon Overview and Level Annotations

Branches:
Dungeon (10/15)            Temple (1/1) D:7            Lair (0/5) D:10
  Sewer (visited)
    Orc: D:9-12

Altars:
Ashenzari
Cheibriados
Dithmenos
Elyvilon
Fedhas
Gozag
Hepliaklqana
Kikubaaqudgha
Makhleb
Nemelex Xobeh
Okawaru
Qazlal
Ru
Sif Muna
Uskayaw
Vehumet
Wu Jian
Xom
Yredelemnul
Zin
The Shining One

Shops:
D:5 =

Annotations:
D:7 2 transporters, Scrael's ghost, novice DrSh
D:10 Urug


Innate Abilities, Weirdness & Mutations

You are a tree.
Your roots penetrate the ground, keeping you stationary.
You cannot be teleported.
You are immune to unholy pain and torment.
Your maximum health is greatly increased.
Your equipment is partially melded.
You are too large for most types of armour.
((You have claws for hands.))
Your natural rate of healing is unusually fast.
((You are covered in fur. (AC +1)))
((You have tough skin. (AC +1)))


Message History

You hit Urug.
Urug is moderately wounded.
You hit Urug but do no damage.
Urug is moderately wounded.
Urug hits you but does no damage.
You closely miss Urug. Your punch misses Urug.
Urug is moderately wounded.
You hit Urug. You punch Urug.
Urug is moderately wounded.
Urug hits you with a +2 double sword of freezing.
* * * LOW HITPOINT WARNING * * *
You smack Urug!
Urug is heavily wounded.
You barely miss Urug.
Urug is heavily wounded.
Urug hits you with a +2 double sword of freezing!
* * * LOW HITPOINT WARNING * * *
You hit Urug but do no damage.
Urug is heavily wounded.
Okay, then.
You feel better.
Urug hits you with a +2 double sword of freezing.
* * * LOW HITPOINT WARNING * * *
You smack Urug!
Urug is severely wounded.
You hit Urug. Your punch misses Urug.
Urug is severely wounded.
Urug hits you but does no damage.
You hit Urug but do no damage.
Urug is severely wounded.
You closely miss Urug.
Urug is severely wounded.
Urug hits you with a +2 double sword of freezing.
* * * LOW HITPOINT WARNING * * *
Urug freezes you.
* * * LOW HITPOINT WARNING * * *
You hit Urug but do no damage.
Urug is severely wounded.
Urug hits you with a +2 double sword of freezing!!
You die...

##..###.###..#.#
#.
##............#
#.
##.##.#....#.#
#. #..#........#
## ##.###.#..#.#
# #.# #.##.#.# #
#y# #......# #
#o# #......#
####
#♣####.....#
#... #..#
#.....# #.##
##.# #..>..# #.#
#.# ####### #.#
#.# #.# #.# #.#
#.# #.# #.# #.#
#.# #.#


You could see Urug and a killer bee.

Vanquished Creatures
  2 two-headed ogres
  An ugly thing (D:8)
  A hornet (D:9)
  2 trolls
  Prince Ribbit (D:6)
  Sigmund (D:3)
  6 yaks
  2 wyverns
  2 steam dragons
  A basilisk (D:10)
  Edmund (D:5)
  2 water moccasins
  An acid dragon (D:8)
  3 sky beasts
  3 black bears
  Pargi (Sewer)
  An ice beast (D:7)
  3 centaurs
  3 ogres (D:5)
  A phantom (D:6)
  A kobold brigand (D:10)
  A bullfrog (D:7)
  3 scorpions
  5 wights (D:8)
  19 killer bees
  2 howler monkeys
  3 hounds
  An orc priest (D:9)
  3 jellies
  2 gnoll boudas
  3 iguanas
  6 orc wizards
  A mummy (D:5)
  12 gnolls
  7 adders
  An ufetubus (D:6)
  3 worms
  2 dart slugs
  22 orcs
  4 endoplasms
  2 giant cockroaches (D:1)
  10 goblins
  8 hobgoblins
  4 jackals (D:4)
  2 quokkas
  8 ball pythons
  7 bats
  4 frilled lizards
  8 kobolds
  A rat (D:6)
193 creatures vanquished.

Vanquished Creatures (others)
  An orc wizard (D:9)
1 creature vanquished.

Grand Total: 194 creatures vanquished

Notes
Turn   | Place    | Note
-------+----------+-------------------------------------------
     0 | D:1      | Querens the Troll Monk began the quest for the Orb.
     0 | D:1      | Reached XP level 1. HP: 22/22 MP: 0/0
    85 | D:1      | Reached XP level 2. HP: 29/29 MP: 1/1
   567 | D:2      | Reached XP level 3. HP: 19/37 MP: 2/2
  1008 | D:3      | Reached skill level 4 in Unarmed Combat
  1008 | D:3      | Reached XP level 4. HP: 45/45 MP: 3/3
  1334 | D:3      | Found a stormy altar of Qazlal.
  1335 | D:3      | Noticed Sigmund
  1341 | D:3      | Killed Sigmund
  1342 | D:3      | Reached skill level 1 in Shapeshifting
  1342 | D:3      | Reached XP level 5. HP: 52/54 MP: 4/4
  1521 | D:4      | Reached XP level 6. HP: 62/62 MP: 5/5
  1691 | D:4      | Reached skill level 5 in Unarmed Combat
  1781 | D:4      | Found a shimmering altar of Xom.
  2029 | D:4      | Reached XP level 7. HP: 33/71 MP: 6/6
  2074 | D:4      | Noticed a steam dragon
  2079 | D:4      | Killed a steam dragon
  2109 | D:5      | Entered Level 5 of the Dungeon
  2149 | D:5      | Found a snail-covered altar of Cheibriados.
  2176 | D:5      | Reached skill level 5 in Fighting
  2177 | D:5      | Noticed Edmund
  2184 | D:5      | Killed Edmund
  2185 | D:5      | Reached skill level 6 in Unarmed Combat
  2240 | D:5      | Reached XP level 8. HP: 63/80 MP: 7/7
  2249 | D:5      | Found Poeloelu's Jewellery Shop.
  2405 | D:5      | Found an iron altar of Okawaru.
  2414 | D:5      | Became a worshipper of Warmaster Okawaru
  2414 | D:5      | Reached * piety under Okawaru
  2414 | D:5      | Reached ** piety under Okawaru
  2566 | D:6      | Found a hazy altar of Hepliaklqana.
  2586 | D:6      | Noticed Prince Ribbit
  2595 | D:6      | Killed Prince Ribbit
  2596 | D:6      | Reached skill level 7 in Unarmed Combat
  2609 | D:6      | Found a glowing drain.
  2622 | Sewer    | Entered a sewer
  2645 | Sewer    | Noticed Pargi
  2652 | Sewer    | Killed Pargi
  2752 | D:6      | Reached skill level 5 in Shapeshifting
  2850 | D:6      | Found a shadowy altar of Dithmenos.
  2890 | D:6      | Found a hide-covered altar of Uskayaw.
  2915 | D:6      | Found a radiant altar of Vehumet.
  3002 | D:7      | Reached XP level 9. HP: 69/91 MP: 8/8
  3031 | D:7      | Noticed Scrael's ghost (novice DrSh)
  3032 | D:7      | Found a transporter.
  3041 | D:7      | Noticed a moth of wrath
  3056 | D:7      | Found a transporter.
  3083 | D:7      | Reached *** piety under Okawaru
  3194 | D:7      | Reached skill level 8 in Unarmed Combat
  3256 | D:7      | Found a staircase to the Ecumenical Temple.
  3267 | Temple   | Entered the Ecumenical Temple
  3599 | D:8      | Reached **** piety under Okawaru
  3601 | D:8      | Noticed a two-headed ogre
  3758 | D:8      | Found a sparkling altar of Nemelex Xobeh.
  3824 | D:8      | Noticed a green ugly thing
  3839 | D:8      | Killed a green ugly thing
  3922 | D:8      | Reached skill level 9 in Unarmed Combat
  3962 | D:8      | Killed a two-headed ogre
  3962 | D:8      | Reached ***** piety under Okawaru
  3963 | D:8      | Reached XP level 10. HP: 93/104 MP: 9/9
  4505 | D:9      | Found the +5 Force Lance {heavy, knockback}
  4680 | D:9      | Reached skill level 10 in Unarmed Combat
  4761 | D:9      | Received a gift from Okawaru
  4765 | D:9      | You fall into a shaft and drop 1 floor!
  4765 | D:10     | Entered Level 10 of the Dungeon
  4854 | D:10     | Found a staircase to the Lair.
  4860 | D:10     | Reached ****** piety under Okawaru
  4894 | D:10     | Found an ancient bone altar of Kikubaaqudgha.
  4946 | D:10     | Found a burning altar of Makhleb.
  4946 | D:10     | Found a broken altar of Ashenzari.
  4947 | D:10     | Found a blossoming altar of Fedhas.
  4958 | D:10     | Found a basalt altar of Yredelemnul.
  5010 | D:10     | Noticed a five-headed hydra
  5044 | D:10     | Noticed a two-headed ogre
  5056 | D:10     | Killed a two-headed ogre
  5057 | D:10     | Reached XP level 11. HP: 13/113 MP: 10/10
  5084 | D:10     | Noticed Urug
  5100 | D:10     | HP: 2/113 [killer bee (8)]
  5116 | D:10     | HP: 4/169 [Urug/+2 double sword of freezing (8)]
  5123 | D:10     | Mangled by Urug

Illustrated notes

Levels and vault maps discovered:
D:1:      dpeg_arrival_shrine, layout_rooms, st_stairs_10,
          minmay_misc_feat_nine_boxes, minmay_tetromino_o2
D:2:      layout_loops_cross, minmay_cut_off
D:3:      layout_loops_ring, lemuel_tele_altar, uniq_sigmund
D:4:      minmay_chambers_of_threes, layout_loops_ring, xom_teletrap_fun
D:5:      layout_basic, mainiacjoe_overflow_alcove_1, slow_altar_2,
          serial_shops, nicolae_shop_tiny_real_fake_doors, uniq_edmund
D:6:      layout_cave_pools, eat_drink_and_be_merry_uskayaw,
          lemuel_crystal_altar, mainiacjoe_overflow_24_doors,
          lemuel_doored_altar, cheibrodos_sewer_entry_drain, uniq_prince_ribbit1
D:7:      layout_rooms, minmay_temple_entry_gardened_gates,
          gammafunk_ghost_berserking_beasts, minmay_misc_feat_encased
D:8:      layout_loops_ring, nemelex_xobeh_ov_fountains_minmay
D:9:      layout_loops_ring, orc_0_dummy
D:10:     nzn_winding_woodlands_medium [nzn_winding_woodlands_5x5_closed_star,
          nzn_winding_woodlands_5x15_pathside_ponds,
          nzn_winding_woodlands_5x5_checkerboard,
          nzn_winding_woodlands_5x5_three,
          nzn_winding_woodlands_center_triple_pond,
          nzn_winding_woodlands_5x5_perimeter,
          nzn_winding_woodlands_5x5_default, nzn_winding_woodlands_5x15_cabin,
          nzn_winding_woodlands_5x5_open_star], layout_loops_cross,
          mainiacjoe_overflow_tiny_flanked, amcnicky_altar_gilded,
          mainiacjoe_overflow_chevrons, gammafunk_temple_overflow_claw,
          david_lair_generic, uniq_urug
Temple:   nicolae_temple_bog_church

Skill      XL: |  1  2  3  4  5  6  7  8  9 10 |
---------------+-------------------------------+-----
Fighting       | 3 4 5 6 7 8 |  8.9
Unarmed Combat | 4 5 6 7 9 10 | 10.4
Shapeshifting  | 1 2 3 5 6 8 |  8.0
Dodging        | |  2.4

Action                     |  1- 3 |  4- 6 |  7- 9 | 10-12 || total
---------------------------+-------+-------+-------+-------++-------
  Melee: Unarmed           |    81 |    75 |   276 |   138 ||   570
         Punch             |       |     3 |    12 |     6 ||    21
  Evoke: Wand              |       |       |    14 |     3 ||    17
    Use: Scroll            |       |       |     7 |       ||     7
         Potion            |       |       |     2 |     6 ||     8
   Stab: Sleeping          |     3 |     2 |       |       ||     5
         Invisible         |       |       |     1 |       ||     1
 Armour: Robe              |    19 |    16 |    49 |    22 ||   106
         Skin              |       |       |       |     8 ||     8
  Dodge: Dodged            |    40 |    40 |   141 |    55 ||   276
   Form: Beast             |       |       |       |     2 ||     2
         Blade             |       |       |       |     1 ||     1

Table legend: (Time is in decaauts)
 A = Elapsed time spent in this place.
 B = Non-inter-level travel time spent in this place.
 C = Inter-level travel time spent in this place.
 D = Time resting spent in this place.
 E = Time spent auto-exploring this place.
 F = Levels seen in this place.
 G = Mean time per level.
                   A        B        C        D        E       F      G
               +--------+--------+--------+--------+--------+-----+--------+
         Total |   5048 |   4827 |    221 |     33 |      0 |  12 |  420.7 |
       Dungeon |   4897 |   4676 |    221 |     33 |      0 |  10 |  489.7 |
        Temple |     81 |     81 |      0 |      0 |      0 |   1 |   81.0 |
         Sewer |     68 |     68 |      0 |      0 |      0 |   1 |   68.0 |
               +--------+--------+--------+--------+--------+-----+--------+

Top non-repeatable levels by time:
     D:8: 699 daAuts
     D:4: 663 daAuts
     D:3: 579 daAuts
     D:7: 519 daAuts
     D:2: 495 daAuts
     D:9: 463 daAuts
     D:6: 422 daAuts
     D:5: 360 daAuts
     D:1: 354 daAuts
    D:10: 338 daAuts
  Temple: 81 daAuts
   Sewer: 68 daAuts
